| TOP OF THE 1ST |
|
San Jose Missions batting - Pitching for Phoenix Giants : RHP Tom Owens
|
|
Pitching: RHP Tom Owens
|
|
|
Batting: SHB Curt Bryan
|
0-0: Called Strike 0-1: Ball 1-1: Ball 2-1: Called Strike 2-2: SINGLE (Groundball, 6MD, EV 101.3 MPH)
|
|
Batting: RHB Paul Runge
|
0-0: Fly out, F8 (Flyball, 8RXD, EV 108.8 MPH)
|
|
Batting: SHB Bip Roberts
|
0-0: Ball 1-0: Foul Ball, location: 2F 1-1: Ball 2-1: Ball 3-1: Fielders Choice at 2nd, 3-6 (Groundball, 3, EV 80.6 MPH)
|
|
Batting: LHB Marvell Wynne
|
0-0: Ball 1-0: Called Strike 1-1: Ball Bip Roberts is caught stealing 2nd base 2-6
|
| Top of the 1st over - 0 runs, 1 hit, 0 errors, 0 left on base; San Jose 0 - Phoenix 0 |
| BOTTOM OF THE 1ST |
|
Phoenix Giants batting - Pitching for San Jose Missions : RHP Tim Hamm
|
|
Pitching: RHP Tim Hamm
|
|
|
Batting: LHB Raymond Rivas
|
0-0: Called Strike 0-1: Swinging Strike 0-2: Ball 1-2: Foul Ball, location: 2F 1-2: Ball 2-2: Ground out 1-3 (Groundball, 15S, EV 66.3 MPH)
|
|
Batting: LHB Bobby V Mitchell
|
0-0: Foul Ball, location: 2F 0-1: Ground out U3 (Groundball, 3, EV 80.0 MPH)
|
|
Batting: LHB Ernie Riles
|
0-0: Ball 1-0: Ball 2-0: Called Strike 2-1: Foul Ball, location: 2F 2-2: Foul Ball, location: 2F 2-2: Ball 3-2: Base on Balls
|
|
Batting: SHB John Macauley
|
0-0: Called Strike 0-1: Ball Ernie Riles is caught stealing 2nd base 2-6
|
| Bottom of the 1st over - 0 runs, 0 hits, 0 errors, 0 left on base; San Jose 0 - Phoenix 0 |
| TOP OF THE 2ND |
|
San Jose Missions batting - Pitching for Phoenix Giants : RHP Tom Owens
|
|
Batting: LHB Marvell Wynne
|
0-0: SINGLE (Line Drive, 56D, EV 96.3 MPH)
|
|
Batting: LHB Steven Michael
|
0-0: Ball 1-0: SINGLE (Flyball, 8RS, EV 98.8 MPH) Marvell Wynne to second
|
|
Batting: SHB David Piller
|
0-0: Called Strike 0-1: Called Strike 0-2: Ball 1-2: Fly out, F7 (Flyball, 78D, EV 98.1 MPH)
|
|
Batting: LHB Rich Gedman
|
0-0: Ball 1-0: Fly out, F7 (Flyball, 7S, EV 90.6 MPH)
|
|
Batting: RHB Pablo Cardiel
|
0-0: Called Strike 0-1: Ball 1-1: Swinging Strike 1-2: Ball 2-2: Foul Ball, location: 2F 2-2: Foul Ball, location: 2F 2-2: Reached on error, E1 (Groundball, 13S, EV 65.6 MPH) Marvell Wynne scores Steven Michael to third
|
|
Batting: LHB Jesus Valerio
|
0-0: Ground out 4-3 (Groundball, 4, EV 102.5 MPH)
|
| Top of the 2nd over - 1 run, 2 hits, 1 error, 2 left on base; San Jose 1 - Phoenix 0 |
| BOTTOM OF THE 2ND |
|
Phoenix Giants batting - Pitching for San Jose Missions : RHP Tim Hamm
|
|
Batting: SHB John Macauley
|
0-0: Ball 1-0: Ball 2-0: Foul Ball, location: 2F 2-1: Ball 3-1: Base on Balls
|
|
Batting: RHB Paul Zuvella
|
0-0: Fly out, F6 (Popup, 4MD, EV 69.4 MPH)
|
|
Batting: LHB Joseph Bruno
|
0-0: Called Strike John Macauley steals 2nd base 0-1: Foul Ball, location: 2F 0-2: Strikes out swinging
|
|
Batting: RHB Adam Veldman
|
0-0: 2-RUN HOME RUN (Flyball, 7D, EV 103.1 MPH), Distance : 365 ft
|
|
Batting: SHB Razor Shines
|
0-0: Ball 1-0: Called Strike 1-1: Swinging Strike 1-2: Fly out, F7 (Line Drive, 7D, EV 90.6 MPH)
|
| Bottom of the 2nd over - 2 runs, 1 hit, 0 errors, 0 left on base; San Jose 1 - Phoenix 2 |
| TOP OF THE 3RD |
|
San Jose Missions batting - Pitching for Phoenix Giants : RHP Tom Owens
|
|
Batting: SHB Curt Bryan
|
0-0: Ball 1-0: Ball 2-0: Foul Ball, location: 2F 2-1: Foul Ball, location: 2F 2-2: Ball 3-2: Strikes out swinging
|
|
Batting: RHB Paul Runge
|
0-0: Ball 1-0: Foul Ball, location: 2F 1-1: Ball 2-1: Fly out, F5 (Flyball, 5D, EV 73.8 MPH)
|
|
Batting: SHB Bip Roberts
|
0-0: Ball 1-0: Ground out 4-3 (Groundball, 4S, EV 63.1 MPH)
|
| Top of the 3rd over - 0 runs, 0 hits, 0 errors, 0 left on base; San Jose 1 - Phoenix 2 |
| BOTTOM OF THE 3RD |
|
Phoenix Giants batting - Pitching for San Jose Missions : RHP Tim Hamm
|
|
Batting: LHB Frank Gill
|
0-0: Ball 1-0: Ground out 1-3 (Groundball, 25, EV 65.6 MPH)
|
|
Batting: LHB Raymond Rivas
|
0-0: Called Strike 0-1: SINGLE (Groundball, 6S, EV 65.6 MPH) (infield hit)
|
|
Batting: LHB Bobby V Mitchell
|
0-0: Ball 1-0: Called Strike 1-1: Ball 2-1: Fielders Choice at 2nd, 4-6 (Groundball, 4, EV 106.9 MPH)
|
|
Batting: LHB Ernie Riles
|
0-0: Ball Bobby V Mitchell is caught stealing 2nd base 2-6
|
| Bottom of the 3rd over - 0 runs, 1 hit, 0 errors, 0 left on base; San Jose 1 - Phoenix 2 |
| TOP OF THE 4TH |
|
San Jose Missions batting - Pitching for Phoenix Giants : RHP Tom Owens
|
|
Batting: LHB Marvell Wynne
|
0-0: Foul Ball, location: 2F 0-1: Foul Ball, location: 2F 0-2: SINGLE (Groundball, 56S, EV 65.0 MPH) (infield hit)
|
|
Batting: LHB Steven Michael
|
0-0: Ball 1-0: Ball 2-0: Called Strike 2-1: Called Strike 2-2: Strikes out swinging
|
|
Batting: SHB David Piller
|
0-0: Ball 1-0: Called Strike 1-1: Fly out, F9 (Flyball, 9, EV 90.0 MPH)
|
|
Batting: LHB Rich Gedman
|
0-0: Called Strike 0-1: Swinging Strike 0-2: Strikes out swinging
|
| Top of the 4th over - 0 runs, 1 hit, 0 errors, 1 left on base; San Jose 1 - Phoenix 2 |
| BOTTOM OF THE 4TH |
|
Phoenix Giants batting - Pitching for San Jose Missions : RHP Tim Hamm
|
|
Batting: LHB Ernie Riles
|
0-0: Foul Ball, location: 2F 0-1: Called Strike 0-2: Strikes out swinging
|
|
Batting: SHB John Macauley
|
0-0: Foul Ball, location: 2F 0-1: Ball 1-1: Called Strike 1-2: Foul Ball, location: 2F 1-2: Ground out 4-3 (Groundball, 4, EV 100.6 MPH)
|
|
Batting: RHB Paul Zuvella
|
0-0: Foul Ball, location: 2F 0-1: Ball 1-1: DOUBLE (Flyball, 89D, EV 107.5 MPH)
|
|
Batting: LHB Joseph Bruno
|
0-0: Intentional Walk
|
|
Batting: RHB Adam Veldman
|
0-0: Ball 1-0: Ball 2-0: Foul Ball, location: 2F 2-1: 3-RUN HOME RUN (Flyball, 78XD, EV 99.4 MPH), Distance : 436 ft
|
|
Batting: SHB Razor Shines
|
0-0: Ball 1-0: Ball 2-0: Foul Ball, location: 2F 2-1: Foul Ball, location: 2F 2-2: Foul Ball, location: 2F 2-2: SINGLE (Line Drive, 8LS, EV 95.0 MPH)
|
|
Batting: LHB Frank Gill
|
0-0: Ball 1-0: Ball 2-0: Ground out U3 (Groundball, 3L, EV 80.0 MPH)
|
| Bottom of the 4th over - 3 runs, 3 hits, 0 errors, 1 left on base; San Jose 1 - Phoenix 5 |
| TOP OF THE 5TH |
|
San Jose Missions batting - Pitching for Phoenix Giants : RHP Tom Owens
|
|
Batting: RHB Pablo Cardiel
|
0-0: Ball 1-0: Swinging Strike 1-1: Foul Ball, location: 2F 1-2: Foul Ball, location: 2F 1-2: Reached on error, E4 (Groundball, 4S, EV 83.8 MPH)
|
|
Batting: LHB Jesus Valerio
|
0-0: Called Strike 0-1: Swinging Strike 0-2: Foul Ball, location: 2F 0-2: Strikes out swinging
|
|
Batting: SHB Curt Bryan
|
0-0: Called Strike 0-1: Ball 1-1: Ball 2-1: Foul Ball, location: 2F 2-2: Strikes out swinging
|
|
Batting: RHB Paul Runge
|
0-0: Ball 1-0: Called Strike 1-1: Reached on error, E6 (Groundball, 6, EV 83.8 MPH) Pablo Cardiel to second
|
|
Batting: SHB Bip Roberts
|
0-0: Ball 1-0: Foul Ball, location: 2F 1-1: Called Strike 1-2: Foul Ball, location: 2F 1-2: Fielders Choice at 2nd, 6-4 (Groundball, 6, EV 98.8 MPH)
|
| Top of the 5th over - 0 runs, 0 hits, 2 errors, 2 left on base; San Jose 1 - Phoenix 5 |
| BOTTOM OF THE 5TH |
|
Phoenix Giants batting - Pitching for San Jose Missions : RHP Tim Hamm
|
|
Batting: LHB Raymond Rivas
|
0-0: Ball 1-0: Foul Ball, location: 2F 1-1: Foul Ball, location: 2F 1-2: Strikes out swinging
|
|
Batting: LHB Bobby V Mitchell
|
0-0: Called Strike 0-1: Foul Ball, location: 2F 0-2: Strikes out swinging
|
|
Batting: LHB Ernie Riles
|
0-0: Called Strike 0-1: Foul Ball, location: 2F 0-2: Ball 1-2: Ball 2-2: Ground out 2-3 (Groundball, 2L, EV 65.0 MPH)
|
| Bottom of the 5th over - 0 runs, 0 hits, 0 errors, 0 left on base; San Jose 1 - Phoenix 5 |
| TOP OF THE 6TH |
|
San Jose Missions batting - Pitching for Phoenix Giants : RHP Tom Owens
|
|
Batting: LHB Marvell Wynne
|
0-0: Called Strike 0-1: Foul Ball, location: 2F 0-2: Ball 1-2: Ground out 4-3 (Groundball, 4, EV 102.5 MPH)
|
|
Batting: LHB Steven Michael
|
0-0: SINGLE (Groundball, 6MD, EV 94.4 MPH)
|
|
Batting: SHB David Piller
|
0-0: Called Strike 0-1: DOUBLE (Flyball, 8RXD, EV 86.9 MPH) Steven Michael to third Runner from 3rd tries for Home, SAFE, throw by CF to home
|
|
Batting: LHB Rich Gedman
|
0-0: Called Strike 0-1: Foul Ball, location: 2F 0-2: Foul Ball, location: 2F 0-2: Ball 1-2: Foul Ball, location: 2F 1-2: Ball 2-2: Strikes out swinging
|
|
Batting: RHB Pablo Cardiel
|
0-0: Foul Ball, location: 2F 0-1: Foul Ball, location: 2F 0-2: Ball 1-2: Ground out 5-3 (Groundball, 56S, EV 69.4 MPH)
|
| Top of the 6th over - 1 run, 2 hits, 0 errors, 1 left on base; San Jose 2 - Phoenix 5 |
| BOTTOM OF THE 6TH |
|
Phoenix Giants batting - Pitching for San Jose Missions : RHP Tim Hamm
|
|
Batting: SHB John Macauley
|
0-0: Called Strike 0-1: Fly out, F8 (Flyball, 8LS, EV 85.0 MPH)
|
|
Batting: RHB Paul Zuvella
|
0-0: Ball 1-0: Ball 2-0: Foul Ball, location: 2F 2-1: Ground out 4-3 (Groundball, 4M, EV 98.1 MPH)
|
|
Batting: LHB Joseph Bruno
|
0-0: Ground out 6-3 (Groundball, 6, EV 99.4 MPH)
|
| Bottom of the 6th over - 0 runs, 0 hits, 0 errors, 0 left on base; San Jose 2 - Phoenix 5 |
| TOP OF THE 7TH |
|
San Jose Missions batting - Pitching for Phoenix Giants : RHP Tom Owens
|
|
Batting: LHB Jesus Valerio
|
0-0: Ball 1-0: Ball 2-0: Ball 3-0: Called Strike 3-1: Swinging Strike 3-2: Foul Ball, location: 2F 3-2: Fly out, F8 (Flyball, 8LM, EV 77.5 MPH)
|
|
Batting: SHB Curt Bryan
|
0-0: Called Strike 0-1: Fly out, F6 (Popup, 6M, EV 77.5 MPH)
|
|
Batting: RHB Paul Runge
|
0-0: Ball 1-0: Ball 2-0: Called Strike 2-1: Foul Ball, location: 2F 2-2: Foul Ball, location: 2F 2-2: Ground out 6-3 (Groundball, 6, EV 100.0 MPH)
|
| Top of the 7th over - 0 runs, 0 hits, 0 errors, 0 left on base; San Jose 2 - Phoenix 5 |
| BOTTOM OF THE 7TH |
|
Phoenix Giants batting - Pitching for San Jose Missions : RHP Tim Hamm
|
|
Pitching: RHP William Swiacki
|
|
|
Batting: RHB Adam Veldman
|
0-0: Called Strike 0-1: Ball 1-1: DOUBLE (Line Drive, 9LS, EV 106.9 MPH)
|
|
Batting: SHB Razor Shines
|
0-0: Intentional Walk
|
|
Batting: LHB Frank Gill
|
0-0: Bunt missed! 0-1: Bunted foul 0-2: Ball 1-2: Foul Ball, location: 2F 1-2: Ball 2-2: Reached via error on a dropped throw from 2B, E6 (Groundball, 34, EV 90.6 MPH) Adam Veldman to third Razor Shines to second
|
|
Batting: LHB Raymond Rivas
|
0-0: Foul Ball, location: 2F 0-1: Ball 1-1: Ball 2-1: Ball 3-1: Base on Balls Adam Veldman scores Razor Shines to third Frank Gill to second
|
|
Batting: LHB Bobby V Mitchell
|
0-0: Foul Ball, location: 2F 0-1: Foul Ball, location: 2F 0-2: Ball 1-2: Grounds into double play, 4-2-3 (Groundball, 4, EV 88.1 MPH) Frank Gill to third Raymond Rivas to second
|
|
Batting: LHB Ernie Riles
|
0-0: Ball Wild Pitch! Frank Gill scores Raymond Rivas to third 1-0: Fly out, F8 (Flyball, 8RD, EV 95.0 MPH)
|
| Bottom of the 7th over - 2 runs, 1 hit, 1 error, 1 left on base; San Jose 2 - Phoenix 7 |
| TOP OF THE 8TH |
|
San Jose Missions batting - Pitching for Phoenix Giants : RHP Tom Owens
|
|
Pitching: RHP Phillip Welch
|
|
|
Batting: SHB Bip Roberts
|
0-0: Ball 1-0: Ball 2-0: Foul Ball, location: 2F 2-1: Foul Ball, location: 2F 2-2: Ground out 4-3 (Groundball, 34, EV 102.5 MPH)
|
|
Batting: LHB Marvell Wynne
|
0-0: Ball 1-0: Ball 2-0: Ball 3-0: Called Strike 3-1: Foul Ball, location: 2F 3-2: Base on Balls
|
|
Batting: LHB Steven Michael
|
0-0: Called Strike 0-1: Fly out, F7 (Flyball, 7LM, EV 83.8 MPH)
|
|
Batting: SHB David Piller
|
0-0: Ball 1-0: Fielders Choice at 2nd, 6-4 (Groundball, 6, EV 81.3 MPH)
|
| Top of the 8th over - 0 runs, 0 hits, 0 errors, 1 left on base; San Jose 2 - Phoenix 7 |
| BOTTOM OF THE 8TH |
|
Phoenix Giants batting - Pitching for San Jose Missions : RHP William Swiacki
|
|
Batting: SHB John Macauley
|
0-0: Foul Ball, location: 2F 0-1: Ball 1-1: Ball 2-1: Ground out U3 (Groundball, 3, EV 90.6 MPH)
|
|
Batting: RHB Paul Zuvella
|
0-0: Ball 1-0: Called Strike 1-1: DOUBLE (Line Drive, 89XD, EV 101.9 MPH)
|
|
Batting: LHB Joseph Bruno
|
0-0: Intentional Walk
|
|
Batting: RHB Adam Veldman
|
0-0: Called Strike 0-1: Ball 1-1: Grounds into double play, 5-4-3 (Groundball, 56S, EV 81.3 MPH)
|
| Bottom of the 8th over - 0 runs, 1 hit, 0 errors, 1 left on base; San Jose 2 - Phoenix 7 |
| TOP OF THE 9TH |
|
San Jose Missions batting - Pitching for Phoenix Giants : RHP Phillip Welch
|
|
Batting: LHB Rich Gedman
|
0-0: Called Strike 0-1: Ball 1-1: Ground out U3 (Groundball, 34, EV 89.4 MPH)
|
|
Batting: RHB Pablo Cardiel
|
0-0: Called Strike 0-1: Ball 1-1: Ball 2-1: Ground out 4-3 (Groundball, 4M, EV 103.1 MPH)
|
|
Batting: LHB Jesus Valerio
|
0-0: Ball 1-0: Called Strike 1-1: Ball 2-1: Called Strike 2-2: Foul Ball, location: 2F 2-2: Foul Ball, location: 2F 2-2: Ball 3-2: Foul Ball, location: 2F 3-2: Foul Ball, location: 2F 3-2: Base on Balls
|
|
Pitching: RHP Terry Cornutt
|
|
|
Batting: SHB Curt Bryan
|
0-0: Ball 1-0: Fielders Choice at 2nd, U6 (Groundball, 6M, EV 106.3 MPH)
|
| Top of the 9th over - 0 runs, 0 hits, 0 errors, 1 left on base; San Jose 2 - Phoenix 7 |
|